 Dungeon Crawl Stone Soup version 0.17-a0-1636-g3119f2b (webtiles) character file.

7369 amplicon the Carver (level 10, 0/91 HPs)
             Began as a Minotaur Fighter on Aug 6, 2015.
             Was a High Priest of Dithmenos.
             Succumbed to Urug's poison
             ... on level 10 of the Dungeon.
             The game lasted 00:46:26 (10418 turns).

amplicon the Carver (Minotaur Fighter)             Turns: 10418, Time: 00:46:26

Health: 0/91       AC: 13    Str: 23    XL:     10   Next: 91%
Magic:  9/9        EV:  8    Int:  5    God:    Dithmenos [*****.]
Gold:   511        SH:  0    Dex: 11    Spells: 1 memorised, 7 levels left

rFire  . . .     SeeInvis .     R - +3 great sword (holy)
rCold  . . .     Clarity  .     C - +0 chain mail
rNeg   . . .     SustAt   +     (no shield)
rPois  .         Gourm    .     (helmet restricted)
rElec  .         Spirit   .     (no cloak)
rCorr  +         Warding  .     n - +0 pair of gloves
rMut   .         Stasis   .     j - +0 pair of boots
MR     .....                    w - amulet of resist corrosion
Stlth  ..........               (no ring)
                                l - ring of sustain attributes

@: lethally poisoned (0 -> -25), wreathed by umbra, not resistant to hostile
enchantments, extremely unstealthy
A: retaliatory headbutt, horns 2
a: Shadow Step, Shadow Form, Renounce Religion


You were on level 10 of the Dungeon.
You worshipped Dithmenos.
Dithmenos was extremely pleased with you.
You were not hungry.

You visited 2 branches of the dungeon, and saw 11 of its levels.
You also visited: Sewer and Ossuary.

You collected 511 gold pieces.

Inventory:

Hand weapons
 a - a +1 flail
 h - a +2 halberd of holy wrath
 y - a +0 falchion of electrocution
 A - a +1 antimagic hand axe
 E - a +1 mace of crushing
 L - a cursed -1 mace
 R - a +3 great sword of holy wrath (weapon)
Armour
 c - a +1 shield
 j - a +0 pair of boots (worn)
 n - a +0 pair of gloves (worn)
 v - a +0 plate armour
 C - a +0 chain mail (worn)
Jewellery
 l - a ring of sustain attributes (left hand)
 u - an uncursed amulet of stasis
 w - an amulet of resist corrosion (around neck)
 V - an uncursed amulet of faith {unknown}
 X - an uncursed ring of positive energy {unknown}
Magical devices
 k - a wand of teleportation (3)
 F - a wand of heal wounds (3)
 O - a wand of cold (7)
 W - a wand of fire (12)
Scrolls
 g - 5 scrolls of enchant armour
 i - 3 scrolls of teleportation
 m - 6 scrolls of remove curse
 B - 3 scrolls of fog
 D - a scroll of enchant weapon
 J - a scroll of identify
 M - 2 scrolls of magic mapping
 P - 4 scrolls of amnesia
Potions
 d - 5 potions of might
 f - a potion of experience {unknown}
 o - 3 potions of resistance
 q - 2 potions of agility
 r - a potion of invisibility
 t - a potion of flight {unknown}
 x - 3 potions of brilliance
 z - 5 potions of curing
 G - a potion of cancellation {unknown}
 H - a potion of mutation {unknown}
 I - 6 potions of poison {unknown}
 K - 3 potions of haste {unknown}
 N - a potion of beneficial mutation {unknown}
 Q - a potion of ambrosia {unknown}
 Y - a potion of degeneration {unknown}
Books
 S - a book of Beasts

   Spells                             Type                      Level
   a - Summon Butterflies             Summoning                    1
   b - Call Canine Familiar           Summoning                    3
   c - Summon Ice Beast               Ice/Summoning                4
   d - Summon Mana Viper              Hexes/Summoning              5
   e - Summon Hydra                   Summoning                    7
 T - a book of Minor Magic

   Spells                             Type                      Level
   a - Magic Dart                     Conjuration                  1
   b - Blink                          Translocation                2
   c - Call Imp                       Summoning                    2
   d - Repel Missiles                 Charms/Air                   2
   e - Slow                           Hexes                        2
   f - Conjure Flame                  Conjuration/Fire             3
   g - Mephitic Cloud                 Conjuration/Poison/Air       3
Miscellaneous
 U - a stone of tremors (inert)
 Z - a disc of storms
Comestibles
 b - 11 royal jellies
 e - 2 bread rations
 p - 10 fruits
 s - 2 slices of pizza


   Skills:
 - Level 9.6 Fighting
   Level 2.2(8.5) Short Blades
 + Level 13.5(13.6) Long Blades
 - Level 9.3 Maces & Flails
 - Level 7.2 Armour
 - Level 3.6 Shields


You had 7 spell levels left.
You knew the following spells:

 Your Spells              Type           Power        Failure   Level  Hunger
a - Blink                 Tloc           N/A          100%        2    ###....


Dungeon Overview and Level Annotations

Branches:
Dungeon (10/15)            Temple (1/1) D:5
   Lair: D:8-11         Orc: D:9-12

Altars:
Ashenzari
Cheibriados
Dithmenos
Elyvilon
Fedhas
Gozag
Kikubaaqudgha
Makhleb
Nemelex Xobeh
Okawaru
Qazlal
Ru
Sif Muna
Trog
Vehumet
Xom
Yredelemnul
Zin
The Shining One

Shops:
D:6 (*

Annotations:
D:10 Urug


Innate Abilities, Weirdness & Mutations

You reflexively headbutt those who attack you in melee.
You have a pair of horns on your head.


Message History

You slash Urug!
Urug is moderately wounded.
You feel sick.
Urug hits you with a battleaxe of chopping!
* * * LOW HITPOINT WARNING * * *
x2 You feel sick.
Urug throws a poisoned javelin.
The poisoned javelin hits you.
* * * LOW HITPOINT WARNING * * *
You are more poisoned.
You see here a poisoned javelin.
You feel sick.
You feel sick.
Urug throws a poisoned javelin.
The poisoned javelin hits you!
* * * LOW HITPOINT WARNING * * *
You are more poisoned.
You see here a poisoned javelin.
Drink which item? (? for menu, Esc to quit)
Okay, then.
Read which item? (? for menu, Esc to quit)
As you read the scroll of fog, it crumbles to dust.
The scroll dissolves into smoke.
You die...

######## .......#
.#####.##### ########### .#
#.....###...§.....#
.#####.........§§§§....#
.##.....####..§§@§._(..####
.##.....# ######§§........
......).# #((....##
........# #.#h.#.#
..#.....# #.o(## #
.#...>### ###.# .........
#h.. .#...#### ......
.###.# ........


You could see Urug and a hound.

Vanquished Creatures
  Josephine (D:10)
  An unseen horror (D:9)
  Prince Ribbit (D:8)
  4 wraiths (D:10)
  Sigmund (D:5)
  A deep elf mage (D:9)
  A steam dragon (D:9)
  6 yaks
  An ice beast (D:8)
  Duvessa (D:4)
  5 centaurs
  6 ogres
  2 orc warriors
  2 giant frogs
  3 big kobolds
  An elf zombie (Ossuary)
  A gnoll sergeant (D:10)
  A water moccasin zombie (D:9)
  Dowan (D:4)
  2 scorpions
  9 jellies
  5 centaur zombies
  A giant frog zombie (D:9)
  4 orc wizards
  2 crimson imps
  3 human zombies (Ossuary)
  2 quasits
  2 orc priests (D:8)
  A giant frog skeleton (D:3)
  8 hounds
  3 iguanas
  10 worker ants
  3 big kobold zombies (Ossuary)
  2 hound skeletons
  3 hound zombies
  3 mummies (Ossuary)
  17 adders
  9 gnolls
  2 worker ant zombies
  3 river rats (Sewer)
  3 shadow imps
  6 oozes
  4 adder zombies
  3 worms
  5 giant geckos
  22 orcs
  4 ball pythons (Sewer)
  15 giant cockroaches
  A gnoll zombie (Ossuary)
  7 goblins
  8 hobgoblins
  6 jackals
  4 quokkas
  6 bats
  A giant gecko zombie (D:6)
  9 giant newts
  5 goblin zombies
  3 hobgoblin zombies (Ossuary)
  A jackal skeleton (D:9)
  29 kobolds
  2 kobold zombies (Ossuary)
  2 quokka zombies
  29 rats
  5 rat zombies (Ossuary)
314 creatures vanquished.

Notes
Turn   | Place    | Note
--------------------------------------------------------------
     0 | D:1      | amplicon the Minotaur Fighter began the quest for the Orb.
     0 | D:1      | Reached XP level 1. HP: 19/19 MP: 0/0
     0 | D:1      | Noticed a human skeleton
     3 | D:1      | Noticed an octopode zombie
     3 | D:1      | Noticed a centaur
     6 | D:1      | Noticed a minotaur skeleton
     7 | D:1      | Noticed a draconian
     8 | D:1      | Noticed a minotaur skeleton
    12 | D:1      | Noticed a vine stalker skeleton
    12 | D:1      | Noticed a formicid zombie
    13 | D:1      | Noticed a minotaur skeleton
    14 | D:1      | Noticed a spriggan
    16 | D:1      | Noticed a centaur
    16 | D:1      | Noticed a merfolk skeleton
    16 | D:1      | Noticed a vine stalker zombie
    18 | D:1      | Noticed a minotaur zombie
   167 | D:1      | Reached skill level 4 in Fighting
   187 | D:1      | Reached XP level 2. HP: 24/27 MP: 1/1
   708 | D:2      | Reached XP level 3. HP: 32/34 MP: 2/2
   721 | D:2      | Reached skill level 1 in Short Blades
   862 | D:2      | Reached skill level 5 in Fighting
   869 | D:2      | Found a blossoming altar of Fedhas.
  1222 | D:2      | Reached XP level 4. HP: 42/42 MP: 3/3
  1377 | D:2      | Found a shadowy altar of Dithmenos.
  1380 | D:2      | Became a worshipper of Dithmenos the Shadowed
  1732 | D:3      | Reached skill level 6 in Fighting
  1732 | D:3      | Reached XP level 5. HP: 48/50 MP: 4/4
  1959 | D:3      | Found a glowing drain.
  1963 | Sewer    | Entered a sewer
  2270 | Sewer    | Reached skill level 7 in Fighting
  2270 | Sewer    | Reached XP level 6. HP: 46/60 MP: 5/5
  2356 | Sewer    | Acquired Dithmenos's first power
  3042 | D:4      | Noticed Duvessa
  3042 | D:4      | Noticed Dowan
  3048 | D:3      | Reached skill level 5 in Maces & Flails
  3191 | D:4      | Reached XP level 7. HP: 65/67 MP: 6/6
  3348 | D:4      | Killed Duvessa
  3539 | D:4      | Killed Dowan
  3539 | D:4      | Reached skill level 8 in Fighting
  4004 | D:5      | Entered Level 5 of the Dungeon
  4150 | D:5      | Noticed Sigmund
  4200 | D:5      | Killed Sigmund
  4200 | D:5      | Reached skill level 5 in Armour
  4200 | D:5      | Reached XP level 8. HP: 44/75 MP: 7/7
  4205 | D:5      | Acquired Dithmenos's second power
  4497 | D:5      | Found a shimmering altar of Xom.
  4633 | D:5      | Found a staircase to the Ecumenical Temple.
  4651 | Temple   | Entered the Ecumenical Temple
  4861 | D:6      | Found a sand-covered staircase.
  4868 | Ossuary  | Entered an ossuary
  5122 | Ossuary  | Reached skill level 9 in Fighting
  5412 | D:6      | Found Ugoppeeb's Antique Weapon Boutique.
  5648 | D:6      | Reached XP level 9. HP: 78/84 MP: 8/8
  5666 | D:6      | Acquired Dithmenos's third power
  6022 | D:6      | Reached skill level 1 in Long Blades
  6061 | D:6      | Found a deep blue altar of Sif Muna.
  6073 | D:6      | Found a shattered altar of Ashenzari.
  6225 | D:6      | Found Jeuhigh's General Store.
  6614 | D:7      | Found a bloodstained altar of Trog.
  6617 | D:7      | Found a sparkling altar of Nemelex Xobeh.
  6627 | D:7      | Found a radiant altar of Vehumet.
  6630 | D:7      | Found a white marble altar of Elyvilon.
  6695 | D:7      | Found a glowing golden altar of the Shining One.
  6806 | D:7      | Found an iron altar of Okawaru.
  7069 | D:8      | Reached skill level 5 in Long Blades
  7240 | D:8      | Identified a scroll of acquirement
  7337 | D:8      | Noticed Prince Ribbit
  7731 | D:8      | Killed Prince Ribbit
  8413 | D:9      | Learned a level 2 spell: Blink
  8537 | D:9      | Reached XP level 10. HP: 57/91 MP: 9/9
  8899 | D:9      | Reached skill level 10 in Long Blades
  9574 | D:10     | Entered Level 10 of the Dungeon
  9651 | D:9      | HP: 3/91 [something (7)]
  9656 | D:9      | Killed an unseen horror
  9656 | D:9      | Reached skill level 11 in Long Blades
 10043 | D:10     | Reached skill level 12 in Long Blades
 10045 | D:10     | Noticed Josephine
 10063 | D:10     | Killed Josephine
 10067 | D:10     | Reached skill level 13 in Long Blades
 10070 | D:10     | Acquired Dithmenos's fourth power
 10395 | D:10     | Found an opulent altar of Gozag.
 10404 | D:10     | Noticed Urug
 10417 | D:10     | HP: 3/91 [Urug/poisoned javelin (14)]
 10418 | D:10     | Succumbed to Urug's poison

Vault maps used:
D:1:      shiori_arrival_whats_in_store_for_you
D:2:      nicolae_overflow_hidden_temple, lemuel_doored_altar, first_bread,
          guppyfry_early_lair_pool
D:3:      gup_sewer_entry_bowl
D:4:      uniq_duvessa
D:5:      xom_butterflies, minmay_temple_entry_purple_smoke, uniq_sigmund
D:6:      kennysheep_big_flooded_room, grunt_temple_overflow_open,
          enter_ossuary_4, serial_shops, shop, kennysheep_little_box
D:7:      overflow_temple_1_default, grunt_temple_overflow_cloverleaf,
          overflow_temple_1_default
D:8:      hangedman_little_slice_of_home, uniq_prince_ribbit1
D:10:     basic_altar, disabler_island, uniq_josephine, uniq_urug
Temple:   temple_eino_lava_8
Sewer:    sewer_minmay_treatment
Ossuary:  minmay_ossuary_two_tombs

Action                   |  1- 3 |  4- 6 |  7- 9 | 10-12 || total
-------------------------+-------+-------+-------+-------++-------
Melee: Flail             |    24 |   204 |       |       ||   228
       Short sword       |    73 |     4 |       |       ||    77
       Mace              |       |    20 |   274 |       ||   294
       Great sword       |       |       |   134 |    89 ||   223
Evoke: Stone of tremors  |       |       |       |     1 ||     1
  Use: Scroll            |       |     4 |    21 |     1 ||    26
       Potion            |       |       |     2 |    10 ||    12
  Eat: Chunk             |     1 |     3 |     3 |     1 ||     8
       Bread ration      |       |     1 |     2 |     1 ||     4
       Beef jerky        |       |       |     1 |       ||     1
       Meat ration       |       |       |     1 |       ||     1
